 Dungeon Crawl Stone Soup version 0.31.0-32-g396128a36d (webtiles) character file.

Game seed: 5013715898742603459

12483 MatrixGlitch the Destroyer (level 11, -8/64 HPs)
             Began as an Octopode Conjurer on Apr 1, 2024.
             Was an Elder of Hepliaklqana.
             Mangled by a two-headed ogre
             ... wielding a +0 giant spiked club
              (19 damage)
             ... on level 11 of the Dungeon.
             The game lasted 00:28:57 (12535 turns).

MatrixGlitch the Destroyer (Octopode Conjurer)     Turns: 12535, Time: 00:28:58

Health: -8/64      AC:  5    Str:  7    XL:     11   Next: 94%
Magic:  23/23      EV: 29    Int: 31    God:    Hepliaklqana [****..]
Gold:   791        SH:  0    Dex: 12    Spells: 7/26 levels left

rFire   . . .        (no weapon)
rCold   . . .        (no shield)
rNeg    . . .        (helmet restricted)
rPois   +            x - amulet of the acrobat
rElec   .            h - ring of poison resistance
rCorr   .            l - ring of willpower
SInv    .            o - ring of Virtue {AC+4 Dex+2}
Will    ++...        A - ring of willpower
Stlth   ++++         G - +6 ring of intelligence
HPRegen 0.30/turn    (no ring)
MPRegen 0.18/turn    (no ring)
                     (no ring)

%: acrobat
@: acrobatic
A: reduced essence, almost no armour, amphibious, 8 rings, camouflage 1,
gelatinous body 1, (nimble swimmer 1), tentacles
a: Renounce Religion, Recall Ancestor, Ancestor Identity, Transference, Idealise


You were on level 11 of the Dungeon.
You worshipped Hepliaklqana.
Hepliaklqana was greatly pleased with you.
You visited 3 branches of the dungeon, and saw 13 of its levels.
You also visited: Bailey.

You collected 895 gold pieces.
You spent 104 gold pieces at shops.

Inventory:

Hand Weapons
 y - a +4 trident of distortion
 E - a +0 antimagic rapier
Missiles
 v - a throwing net
Jewellery
 h - a ring of poison resistance (left tentacle)
 l - a ring of willpower (right tentacle)
 o - the ring of Virtue (on tentacle) {AC+4 Dex+2}
   (You found it on level 4 of the Dungeon)

   [ring of protection]

   AC+4:      It affects your AC (+4).
   Dex+2:     It affects your dexterity (+2).
 p - an amulet of faith
 x - an amulet of the acrobat (around mantle)
 A - a ring of willpower (on tentacle)
 G - a +6 ring of intelligence (on tentacle)
 M - an amulet of guardian spirit
Wands
 q - a wand of iceblast (31)
 r - a wand of flame (59)
 H - a wand of mindburst (11)
 J - a wand of polymorph (6)
Scrolls
 c - a scroll of amnesia {unknown}
 d - a scroll of fear
 e - 2 scrolls of butterflies {unknown}
 f - 3 scrolls of vulnerability {unknown}
 i - 4 scrolls of teleportation {unknown}
 j - 3 scrolls of acquirement {unknown}
 m - a scroll of fog {unknown}
 n - a scroll of immolation
 s - a scroll of blinking
 t - a scroll of torment
 u - a scroll of enchant weapon
 I - 2 scrolls of identify
 K - a scroll of poison {unknown}
Potions
 a - a potion of magic
 b - 9 potions of curing
 g - 4 potions of brilliance {unknown}
 k - a potion of might {unknown}
 w - a potion of degeneration {unknown}
 z - 2 potions of invisibility {unknown}
 B - 3 potions of heal wounds
 C - 2 potions of cancellation {unknown}
 D - a potion of haste {unknown}
 F - 3 potions of attraction {unknown}
 L - a potion of enlightenment {unknown}


   Skills:
 + Level 5.3 Fighting
 + Level 5.2 Dodging
 + Level 5.5 Stealth
 - Level 8.0 Spellcasting
 - Level 12.0 Conjurations
 - Level 7.0 Air Magic
 - Level 7.0 Alchemy


You had 7 spell levels left.
You knew the following spells:

 Your Spells              Type           Power      Damage    Failure   Level
a - Magic Dart            Conj           100%       1d8       1%          1
b - Searing Ray           Conj           100%       2d8       1%          2
c - Fulminant Prism       Conj/Alch      31%        3d15      1%          4
d - Irradiate             Conj/Alch      31%        3d22      2%          5
e - Airstrike             Air            27%        2d(4-20)  2%          4
f - Swiftness             Air            54%        N/A       1%          3

Your spell library contained the following spells:

 Spells                   Type           Power      Damage    Failure   Level
 Shock                    Conj/Air       100%       1d9       1%          1
 Mercury Vapours          Alch/Air       100%       N/A       1%          2
 Mephitic Cloud           Conj/Alch/Air  60%        N/A       1%          3
 Iskenderun's Mystic Bla  Conj/Tloc      49%        2d11      3%          4
 Apportation              Tloc           24%        N/A       4%          1
 Jinxbite                 Hex            24%        N/A       6%          2
 Alistair's Intoxication  Alch           36%        N/A       6%          5
 Freezing Cloud           Conj/Ice/Air   25%        6-21      9%          5
 Inner Flame              Hex/Fire       12%        N/A       12%         3
 Volatile Blastmotes      Fire/Tloc      24%        2d12      12%         3
 Ignition                 Fire           6%         3d4       100%        8


Dungeon Overview and Level Annotations

Branches:
Dungeon (11/15)            Temple (1/1) D:4            Lair (0/5) D:8
    Orc (1/2) D:9          Bailey (visited)

Altars:
Ashenzari
Cheibriados
Dithmenos
Elyvilon
Fedhas
Gozag
Hepliaklqana
Kikubaaqudgha
Makhleb
Nemelex Xobeh
Okawaru
Qazlal
Ru
Sif Muna
Trog
Uskayaw
Vehumet
Wu Jian
Xom
Yredelemnul
Zin
The Shining One

Shops:
D:7 !   D:9 !

Annotations:
D:3 3 runed translucent doors, sono's ghost, amateur GrFi
D:4 4 runed translucent doors
D:7 3 runed translucent doors, dertzug's ghost, novice AtFi


Innate Abilities, Weirdness & Mutations

Your life essence is reduced to manifest your ancestor. (-10% HP)
You cannot wear most types of armour.
You are amphibious.
You can wear up to eight rings at the same time.
Your skin changes colour to match your surroundings (Stealth+).
Your rubbery body absorbs attacks. (AC +1, EV +1)
((You are camouflaged when in or above water. (Stealth+)))
You have tentacles for arms and can constrict up to eight enemies at once.


Message History

You swap places.
You open the door.
There is an open door here.
You open the door.
A two-headed ogre comes into view.
It is wielding two +0 giant spiked clubs.
Found a ring of poison resistance.
The two-headed ogre shouts in stereo!
Tawil blocks the two-headed ogre's attack.
The two-headed ogre hits Tawil with a +0 giant spiked club.
Tawil hits the two-headed ogre with a +0 flail.
The two-headed ogre hits Tawil with a +0 giant spiked club.
The two-headed ogre closely misses Tawil.
Tawil hits the two-headed ogre with a +0 flail!
The two-headed ogre hits Tawil with a +0 giant spiked club!!
Tawil is destroyed!
The two-headed ogre barely misses you.
The two-headed ogre completely misses you.
The two-headed ogre hits you with a +0 giant spiked club!
The two-headed ogre completely misses you.
The two-headed ogre completely misses you.
The two-headed ogre misses you.
The two-headed ogre hits you with a +0 giant spiked club!!
The two-headed ogre completely misses you.
The two-headed ogre barely misses you.
The two-headed ogre completely misses you.
The two-headed ogre misses you.
The two-headed ogre completely misses you.
The two-headed ogre completely misses you. x2
The two-headed ogre barely misses you. The two-headed ogre misses you.
The two-headed ogre completely misses you.
The two-headed ogre misses you.
The two-headed ogre completely misses you. x2
The two-headed ogre completely misses you.
The two-headed ogre hits you with a +0 giant spiked club!
* * * LOW HITPOINT WARNING * * *
The two-headed ogre closely misses you. The two-headed ogre misses you.
The two-headed ogre closely misses you.
The two-headed ogre completely misses you.
The two-headed ogre hits you with a +0 giant spiked club!!
You die...

#### #... #... ..#
######..#######..#
.................#
.......O..........
.......@..........
...............=..
..................
##########..##+##.
+..'........
#..#........
########'#############
#.............)...<...
#.............#.......


You could see a two-headed ogre.

Vanquished Creatures
  A two-headed ogre (Bailey)
  An elephant (D:8)
  A kobold demonologist (D:10)
  A gargoyle (D:10)
  Psyche (D:8)
  6 spriggans (Bailey)
  A wyvern (D:7)
  17 yaks
  2 steam dragons
  2 basilisks (D:8)
  An acid dragon (D:10)
  2 water moccasins
  2 orc warriors
  2 sky beasts
  A centaur (D:7)
  4 phantoms
  A kobold brigand (D:9)
  2 bullfrogs
  2 scorpions
  2 gnoll sergeants
  A burial acolyte (D:10)
  11 killer bees
  A howler monkey (D:5)
  3 hounds (D:6)
  4 orc priests
  A jelly (D:4)
  2 iguanas
  Ijyb (D:5)
  2 orc wizards
  9 gnolls
  5 adders
  2 shadow imps
  A white imp (D:6)
  4 ufetubi (D:5)
  A dart slug (D:1)
  3 ribbon worms
  12 orcs
  9 endoplasms
  4 giant cockroaches
  15 goblins
  9 hobgoblins
  3 jackals
  11 kobolds
  2 quokkas (D:1)
  11 ball pythons
  5 bats
  3 frilled lizards
  6 rats
193 creatures vanquished.

Vanquished Creatures (collateral kills)
  Erica (D:11)
  A two-headed ogre (D:10)
  A centaur zombie (D:10)
  Maurice (D:8)
  Sigmund (D:3)
  A spriggan (Bailey)
  A wyvern (D:8)
  5 yaks
  A black bear (D:8)
  An orc warrior (D:9)
  A kobold brigand (D:10)
  2 bullfrogs
  4 wights (D:7)
  A jelly (D:8)
  A killer bee (D:8)
  A bombardier beetle (D:6)
  A gnoll bouda (D:10)
  An orc priest (D:7)
  A sleepcap (D:7)
  An orc wizard (D:7)
  An adder (D:6)
  4 gnolls (D:10)
  A shadow imp (D:6)
  10 orcs
  A goblin (D:8)
  2 kobolds (D:10)
47 creatures vanquished.

Vanquished Creatures (others)
  A human (D:10)
  2 knights
  A kobold (D:9)
  2 fulminant prisms
6 creatures vanquished.

Grand Total: 246 creatures vanquished

Notes
Turn   | Place    | Note
-------+----------+-------------------------------------------
     0 | D:1      | MatrixGlitch the Octopode Conjurer began the quest for the
                  | Orb.
     0 | D:1      | Reached XP level 1. HP: 11/11 MP: 3/3
   153 | D:1      | Reached XP level 2. HP: 17/17 MP: 0/5
   170 | D:1      | Learned a level 2 spell: Searing Ray
   686 | D:1      | Reached XP level 3. HP: 21/21 MP: 3/6
  1913 | D:3      | Found a shimmering altar of Xom.
  1956 | D:3      | Reached XP level 4. HP: 27/27 MP: 6/8
  2091 | D:3      | Found a glowing golden altar of the Shining One.
  2241 | D:3      | Noticed Sigmund
  2263 | D:4      | Noticed a scorpion
  2268 | D:4      | Killed a scorpion
  2269 | D:4      | Reached skill level 5 in Conjurations
  2269 | D:4      | Reached skill level 1 in Alchemy
  2269 | D:4      | Reached XP level 5. HP: 31/31 MP: 4/10
  2327 | D:4      | Learned a level 4 spell: Fulminant Prism
  2386 | D:4      | Noticed a water moccasin
  2387 | D:4      | Found a large runed translucent door.
  2387 | D:4      | Found a large runed translucent door.
  2392 | D:4      | Killed a water moccasin
  2393 | D:4      | Reached XP level 6. HP: 36/36 MP: 5/12
  2545 | D:4      | Found a large runed translucent door.
  2546 | D:4      | Found a large runed translucent door.
  2657 | D:4      | Identified the ring of Virtue {AC+4 Dex+2}
  2909 | D:4      | Found a staircase to the Ecumenical Temple.
  2915 | Temple   | Entered the Ecumenical Temple
  2952 | Temple   | Became a worshipper of Hepliaklqana the Forgotten
  3241 | D:4      | Identified the +1 helmet of Hospitality {^Contam Regen+
                  | Dex-5 Stlth+}
  3263 | D:4      | Learned a level 5 spell: Irradiate
  3274 | D:5      | Entered Level 5 of the Dungeon
  3274 | D:5      | Noticed Ijyb
  3281 | D:5      | Killed Ijyb
  3345 | D:5      | Noticed a sky beast
  3363 | D:5      | Killed a sky beast
  3364 | D:5      | Reached skill level 6 in Conjurations
  3364 | D:5      | Reached XP level 7. HP: 11/41 MP: 0/13
  3662 | D:5      | Found a stormy altar of Qazlal.
  3932 | D:5      | Reached skill level 5 in Spellcasting
  4148 | D:5      | Reached skill level 7 in Conjurations
  4396 | D:5      | Found a snail-covered altar of Cheibriados.
  4442 | D:5      | Reached * piety under Hepliaklqana
  4530 | D:6      | Reached XP level 8. HP: 28/41 MP: 7/15
  4634 | D:6      | Reached skill level 8 in Conjurations
  4948 | D:6      | Reached skill level 1 in Fighting
  5368 | D:6      | Reached ** piety under Hepliaklqana
  5369 | D:6      | Remembered your ancestor Tawil as a knight
  6442 | D:3      | Found a runed translucent gate.
  6443 | D:3      | Found a runed translucent gate.
  6443 | D:3      | Noticed sono's ghost (amateur GrFi)
  6444 | D:3      | Found a runed translucent gate.
  6448 | D:3      | Killed Sigmund
  6777 | D:7      | Reached skill level 9 in Conjurations
  6786 | D:7      | Noticed a wyvern
  7070 | D:7      | Killed a wyvern
  7071 | D:7      | Reached XP level 9. HP: 42/50 MP: 8/16
  7376 | D:7      | Found a runed translucent gate.
  7376 | D:7      | Found a runed translucent gate.
  7376 | D:7      | Found a runed translucent gate.
  7378 | D:7      | Found an opulent altar of Gozag.
  7380 | D:7      | Noticed a manticore
  7382 | D:7      | Noticed dertzug's ghost (novice AtFi)
  7553 | D:7      | Found Nuiwk's Distillery.
  7657 | D:7      | Bought a potion of curing for 39 gold pieces
  7657 | D:7      | Bought a potion of heal wounds for 65 gold pieces
  8058 | D:8      | Found a flagged portal.
  8063 | D:8      | Noticed Maurice
  8064 | D:8      | Reached skill level 10 in Conjurations
  8189 | D:8      | Killed Maurice
  8190 | D:8      | Reached skill level 5 in Alchemy
  8261 | Bailey   | Entered a bailey
  8291 | Bailey   | Reached skill level 5 in Air Magic
  8291 | Bailey   | Reached XP level 10. HP: 39/56 MP: 7/19
  8353 | Bailey   | Learned a level 4 spell: Airstrike
  8422 | Bailey   | Noticed a two-headed ogre
  8430 | Bailey   | Killed a two-headed ogre
  8760 | D:8      | Found a staircase to the Lair.
  8760 | D:8      | Noticed an elephant
  8765 | D:8      | Reached skill level 5 in Dodging
  8768 | D:8      | Killed an elephant
  9077 | D:8      | Reached skill level 5 in Fighting
  9266 | D:8      | Reached *** piety under Hepliaklqana
  9367 | D:8      | Noticed Psyche
  9370 | D:8      | Killed Psyche
  9455 | D:8      | Learned a level 3 spell: Swiftness
  9458 | D:8      | Reached skill level 11 in Conjurations
  9542 | D:9      | Found a staircase to the Orcish Mines.
  9560 | D:9      | Reached XP level 11. HP: 62/63 MP: 5/20
  9564 | Orc:1    | Entered Level 1 of the Orcish Mines
  9730 | D:9      | Reached skill level 12 in Conjurations
  9855 | D:9      | Found a bloodstained altar of Trog.
 10028 | D:9      | Found a blossoming altar of Fedhas.
 10164 | D:9      | Reached **** piety under Hepliaklqana
 10168 | D:9      | Found Kylosuit's Distillery.
 10385 | D:9      | You fall into a shaft and drop 1 floor!
 10385 | D:10     | Entered Level 10 of the Dungeon
 10647 | D:10     | Noticed a two-headed ogre
 10653 | D:10     | Killed a two-headed ogre
 10654 | D:10     | Reached skill level 5 in Stealth
 10770 | D:10     | Found an iron altar of Okawaru.
 11564 | D:10     | Found an ancient bone altar of Kikubaaqudgha.
 12232 | D:11     | Noticed Erica
 12298 | D:11     | Killed Erica
 12504 | D:11     | Noticed a two-headed ogre
 12535 | D:11     | Mangled by a two-headed ogre

Illustrated notes

Levels and vault maps discovered:
D:1:      saegor_arrival_fortress, layout_basic, minmay_pentomino_t2
D:2:      layout_rooms, minmay_cupped
D:3:      layout_loops_ring, lemuel_tele_altar, tso_altar,
          ebering_ghost_rock_garden, grunt_ministairs_12, uniq_sigmund
D:4:      layout_basic, minmay_temple_entry_fiery, minmay_hollow_rounded_squares
D:5:      layout_basic, nicolae_qazlal_beasts_of_the_sky,
          mainiacjoe_overflow_24_doors, uniq_ijyb
D:6:      layout_layer_cave
D:7:      layout_loops_ring, ebering_ghost_gozag, serial_shops, shop
D:8:      layout_gridville, david_lair_generic, enter_bailey_5,
          minmay_gold_behind_fungi, uniq_maurice, uniq_psyche
D:9:      layout_stronghold, lightli_temple_of_fire, fedhas_altar_2,
          orc_0_dummy, serial_shops, nicolae_shop_waterfront
D:10:     layout_grid_maze, tgw_kikubaaqudgha, mainiacjoe_overflow_chevrons
D:11:     layout_grid_maze, minivault_12, uniq_grum, uniq_erica, uniq_nergalle
Temple:   nicolae_temple_ecumenical_triangle
Orc:1:    cheibrodos_orc_arena, layout_caves

Skill      XL: |  1  2  3  4  5  6  7  8  9 10 11 |
---------------+----------------------------------+-----
Spellcasting   | 3 4 5 6 8 |  8.0
Conjurations   | 5 6 7 9 10 11 12 | 12.0
Alchemy        | 1 2 3 4 5 7 |  7.0
Fighting       | 3 5 |  5.3
Dodging        | 4 5 |  5.2
Air Magic      | 5 7 |  7.0
Stealth        | 5 |  5.5

Action                     |  1- 3 |  4- 6 |  7- 9 | 10-12 || total
---------------------------+-------+-------+-------+-------++-------
  Melee: Unarmed           |    11 |     5 |     8 |    48 ||    72
         Tentacles         |     2 |     2 |     1 |    16 ||    21
         Constrict         |     2 |     1 |     1 |     8 ||    12
         Punch             |       |     1 |       |     2 ||     3
   Cast: Magic Dart        |    77 |    54 |   128 |     2 ||   261
         Searing Ray       |     1 |     9 |    23 |    22 ||    55
         Irradiate         |       |       |     5 |    19 ||    24
         Fulminant Prism   |       |       |     1 |     1 ||     2
         Airstrike         |       |       |       |     2 ||     2
 Invoke: Recall Ancestor   |       |       |     1 |     1 ||     2
         Ancestor Life: Kn |       |       |     1 |       ||     1
    Use: Scroll            |       |       |       |     5 ||     5
   Stab: Sleeping          |       |       |       |     2 ||     2
 Armour: Skin              |     5 |     9 |    52 |    79 ||   145
  Dodge: Dodged            |    10 |    10 |   104 |   175 ||   299
